 Dungeon Crawl Stone Soup version 0.29-a0-613-gf2c431b9b9 (webtiles) character file.

Game seed: 11808572776117152211

3234 wingedge the Skirmisher (level 9, -7/118 HPs)
             Began as a Pale Draconian Ice Elementalist on June 16, 2022.
             Was a Follower of Sif Muna.
             Mangled by a wyvern (15 damage)
             ... on level 6 of the Dungeon.
             The game lasted 00:31:37 (9910 turns).

wingedge the Skirmisher (DrIE)                      Turns: 9910, Time: 00:31:37

Health: -7/118     AC:  7    Str: 10    XL:     9   Next: 66%
Magic:  6/16       EV: 12    Int: 20    God:    Sif Muna [*.....]
Gold:   301        SH:  5    Dex: 12    Spells: 9/17 levels left

rFire   . . .      SeeInvis .   a - +5 great mace
rCold   . . .      Faith    .   (shield currently unavailable)
rNeg    . . .      Spirit   .   (body armour unavailable)
rPois   .          Reflect  +   (helmet restricted)
rElec   .          Harm     .   (no cloak)
rCorr   .          Rampage  .   (no gloves)
Will    .....                   (no boots)
Stlth   ..........              g - amulet of reflection
HPRegen 0.29/turn               (no ring)
MPRegen 0.15/turn               (no ring)

@: berserking, silenced, attractive, hasted, very quick
A: breathe steam, AC +7, unfitting armour, cold-blooded, steam resistance
a: Breathe Steam, Renounce Religion


You were on level 6 of the Dungeon.
You worshipped Sif Muna.
Sif Muna was aware of your devotion.
You visited 2 branches of the dungeon, and saw 8 of its levels.

You collected 301 gold pieces.

Inventory:

Hand Weapons
 a - a +5 great mace (weapon)
 c - a +3 vorpal dire flail
 d - a +0 dagger
 e - a +0 war axe
 k - a +2 dagger of venom
 l - a +2 vampiric spear
Missiles
 s - 2 javelins
Magical Staves
 b - a staff of cold
Jewellery
 g - an amulet of reflection (around neck)
 w - an amulet of regeneration
Wands
 i - a wand of iceblast (1)
 m - a wand of mindburst (10)
 y - a wand of digging (4)
Scrolls
 h - 4 scrolls of amnesia
 o - a scroll of enchant weapon
 r - a scroll of identify
 u - a scroll of noise
Potions
 n - 4 potions of magic
 t - 4 potions of flight
 z - a potion of brilliance {unknown}
 A - a potion of mutation {unknown}
 B - a potion of lignification {unknown}


   Skills:
 * Level 7.3 Fighting
 - Level 0.1 Short Blades
 - Level 0.1(4.0) Axes
 * Level 6.5(6.6) Maces & Flails
 + Level 2.5 Dodging
 + Level 2.7 Stealth
 + Level 4.9 Spellcasting
 + Level 4.8 Conjurations
 * Level 7.1 Ice Magic


You had 9 spell levels left.
You knew the following spells:

 Your Spells              Type           Power      Damage    Failure   Level
a - Freeze                Ice            100%       1d11      1%          1
b - Ozocubu's Armour      Ice            33%        N/A       1%          3
c - Hailstorm             Conj/Ice       29%        3d8       10%         4

Your spell library contained the following spells:

 Spells                   Type           Power      Damage    Failure   Level
 Frozen Ramparts          Ice            66%        1d8       1%          3
 Summon Small Mammal      Summ           16%        N/A       12%         1
 Stone Arrow              Conj/Erth      28%        3d8       13%         3
 Call Canine Familiar     Summ           4%         N/A       34%         3
 Gell's Gravitas          Tloc           4%         N/A       34%         3
 Summon Guardian Golem    Hex/Summ       4%         N/A       34%         3
 Teleport Other           Tloc           4%         N/A       34%         3
 Dispersal                Tloc           2%         N/A       100%        6
 Lehudib's Crystal Spear  Conj/Erth      7%         10d3      100%        8
 Animate Armour           Summ/Erth      Unusable   N/A       N/A         4

Dungeon Overview and Level Annotations

Branches:
Dungeon (7/15)             Temple (1/1) D:5

Altars:
Ashenzari
Cheibriados
Dithmenos
Elyvilon
Fedhas
Gozag
Hepliaklqana
Kikubaaqudgha
Makhleb
Nemelex Xobeh
Okawaru
Qazlal
Ru
Sif Muna
Trog
Uskayaw
Vehumet
Wu Jian
Xom
Yredelemnul
Zin
The Shining One

Shops:
D:2 (


Innate Abilities, Weirdness & Mutations

You can breathe blasts of scalding, opaque steam.
Your pale cyan-grey scales are hard. (AC +7)
You cannot fit into any form of body armour.
You are cold-blooded and may be slowed by cold attacks.
You are immune to the effects of steam.


Message History

The howler monkey is attracted toward you.
The cyclops is attracted toward you.
The howler monkey is attracted toward you.
The howler monkey is attracted toward you.
The howler monkey is attracted toward you.
The howler monkey hoots and howls with incredible vigour!
The kobold demonologist is attracted toward you.
The howler monkey is attracted toward you.
The chaos spawn is attracted toward you.
There is a stone staircase leading down, spattered with blood here.
Magic scrolls do not work when you're silenced!
It was a potion of berserk rage.
A red film seems to cover your vision as you go berserk!
You feel yourself moving faster!
You feel mighty! The wyvern closely misses you.
The kobold demonologist hits you with a +0 dagger.
* * * LOW HITPOINT WARNING * * *
You closely miss the wyvern.
The wyvern is lightly wounded.
The wyvern bites you but does no damage.
The kobold demonologist hits you but does no damage.
You closely miss the wyvern.
The wyvern is lightly wounded.
The wyvern bites you.
* * * LOW HITPOINT WARNING * * *
The wyvern barely misses you.
The kobold demonologist hits you but does no damage.
You sock the kobold demonologist!
The kobold demonologist is severely wounded.
The wyvern closely misses you.
You closely miss the kobold demonologist.
Your tail-slap misses the kobold demonologist.
The kobold demonologist is severely wounded.
The wyvern bites you!
* * * LOW HITPOINT WARNING * * *
The kobold demonologist closely misses you.
You barely miss the kobold demonologist.
The kobold demonologist is severely wounded.
The wyvern bites you!
You die...

############## .............#
####....####.# # #....# #.# #
#....# #.# ########## # #....# #.#
#......... # #....# #.# #....#####
# #....# #.###########.........
############.4hl@......'....#####
.............###K#######.........
.............#..C..#####.......##
############ยง....................
#....# #.......############.#
#....# #....................#
#....# #.###.################
#....# #.#.........',,,,,,,,8
#....# #.#..C......#,,,,,,,,,


You could see a cyclops, a kobold demonologist, a chaos spawn (summoned), a
wyvern and a howler monkey.

Vanquished Creatures
  A cyclops (D:7)
  A komodo dragon (D:6)
  Grinder (D:4)
  Sigmund (D:6)
  A wraith (D:7)
  Menkaure (D:5)
  Edmund (D:4)
  A water moccasin (D:4)
  A black bear (D:5)
  An ice beast (D:5)
  A phantom (D:3)
  4 scorpions
  7 killer bees
  4 howler monkeys
  9 hounds
  3 jellies
  4 orc priests
  2 iguanas
  2 orc wizards
  Robin (D:2)
  11 adders
  3 ufetubi
  3 dart slugs
  17 orcs
  5 ball pythons
  9 endoplasms
  2 giant cockroaches (D:2)
  15 goblins
  15 hobgoblins
  2 jackals (D:2)
  6 quokkas
  2 bats
  3 frilled lizards
  13 kobolds
  5 rats
158 creatures vanquished.

Vanquished Creatures (others)
  A goblin (D:3)
  A fungus (D:3)
  8 plants (D:3)
10 creatures vanquished.

Grand Total: 168 creatures vanquished

Notes
Turn   | Place    | Note
-------+----------+-------------------------------------------
     0 | D:1      | wingedge the Draconian Ice Elementalist began the quest for
                  | the Orb.
     0 | D:1      | Reached XP level 1. HP: 14/14 MP: 3/3
   518 | D:1      | Reached XP level 2. HP: 20/20 MP: 1/5
  1332 | D:2      | Reached XP level 3. HP: 7/26 MP: 1/6
  1642 | D:2      | Reached skill level 1 in Conjurations
  2047 | D:2      | Found Ykyi's Weapon Emporium.
  2526 | D:3      | Reached skill level 1 in Fighting
  2652 | D:3      | Found a bloodstained altar of Trog.
  2654 | D:3      | Noticed Robin
  2941 | D:2      | Learned a level 3 spell: Ozocubu's Armour
  3002 | D:2      | Reached XP level 4. HP: 31/35 MP: 2/7
  3065 | D:2      | Killed Robin
  3141 | D:3      | Reached skill level 1 in Maces & Flails
  4033 | D:3      | Reached XP level 5. HP: 32/41 MP: 4/9
  4251 | D:3      | Found a faded altar of an unknown god.
  4309 | D:4      | Noticed a phantom
  4521 | D:3      | Killed a phantom
  4853 | D:4      | Reached XP level 6. HP: 44/50 MP: 10/10
  5761 | D:4      | Reached skill level 5 in Ice Magic
  5819 | D:5      | Entered Level 5 of the Dungeon
  5820 | D:5      | Found a staircase to the Ecumenical Temple.
  5829 | D:5      | Noticed Edmund
  5835 | D:5      | Noticed a water moccasin
  5835 | D:5      | Noticed Grinder
  6379 | D:4      | Killed Edmund
  6380 | D:4      | Your scales start taking on a pale cyan-grey colour.
  6380 | D:4      | Reached XP level 7. HP: 36/58 MP: 7/11
  6380 | D:4      | Gained mutation: You are immune to the effects of steam.
                  | [Pale Draconian growth]
  6406 | D:4      | Paralysed by Grinder for 5 turns
  6418 | D:4      | Killed Grinder
  6806 | Temple   | Entered the Ecumenical Temple
  6883 | Temple   | Became a worshipper of Sif Muna the Loreminder
  6987 | D:5      | Reached XP level 8. HP: 67/67 MP: 5/13
  7017 | D:5      | Noticed Menkaure
  7022 | D:5      | Killed Menkaure
  7023 | D:5      | Reached skill level 5 in Fighting
  7393 | D:5      | Reached skill level 5 in Maces & Flails
  8042 | D:6      | Noticed Sigmund
  8074 | D:6      | Killed Sigmund
  8301 | D:6      | Reached XP level 9. HP: 26/77 MP: 10/15
  8319 | D:6      | Reached * piety under Sif Muna
  9301 | D:6      | Noticed a komodo dragon
  9309 | D:6      | Noticed a cyclops
  9310 | D:6      | Killed a komodo dragon
  9756 | D:7      | Killed a cyclops
  9877 | D:6      | Learned a level 4 spell: Hailstorm
  9879 | D:6      | Noticed a cyclops
  9879 | D:6      | Noticed a kobold demonologist
  9910 | D:6      | Mangled by a wyvern

Illustrated notes

Levels and vault maps discovered:
D:1:      evilmike_arrival_rings, layout_basic, eino_curves_02,
          patterned_corridor
D:2:      layout_rooms, serial_shops, nicolae_shop_behind_doors,
          minmay_door_square
D:3:      corexii_shack_village, layout_loops_corners,
          mainiacjoe_overflow_cross_hatched,
          shapermc_ecumenical_altar_acropolis, uniq_robin
D:4:      layout_layer_cave, serial_bayou_crossing
D:5:      cheibrodos_barr_body, layout_rooms, minmay_temple_entry_ruins,
          kennysheep_flooded_box, mrwooster_statue_mirror,
          kennysheep_generic_room_6, uniq_edmund, uniq_menkaure, uniq_grinder
D:6:      minmay_klotski, layout_basic, serial_co_window_serial,
          co_window_corner_a, co_window_corner_a, co_window_paths_b,
          co_window_corner_a, co_window_paths_b, co_window_paths_c,
          co_window_of_opportunity_c, co_window_2corner, co_window_broadway_b,
          co_window_broadway_c, co_window_unsneaky_path_d, glass_columns_c,
          glass_columns_b, glass_columns_c, uniq_sigmund
D:7:      layout_basic, hellmonk_guarded_unrand_lears
Temple:   kilobyte_greek_temple

Skill      XL: |  1  2  3  4  5  6  7  8  9 |
---------------+----------------------------+-----
Stealth        | 2 |  2.7
Dodging        | 2 |  2.5
Conjurations   | 1 2 3 4 |  4.8
Fighting       | 1 2 3 4 6 7 |  7.3
Maces & Flails | 1 2 3 4 5 6 |  6.5
Spellcasting   | 3 4 |  4.9
Ice Magic      | 5 6 7 |  7.1
Short Blades   | |  0.1
Axes           | |  0.1

Action                   |  1- 3 |  4- 6 |  7- 9 || total
-------------------------+-------+-------+-------++-------
Melee: Unarmed           |     1 |       |       ||     1
       War axe           |    31 |       |       ||    31
       Tailslap          |     5 |    12 |    20 ||    37
       Great mace        |    35 |   136 |   122 ||   293
       Dagger            |     5 |       |       ||     5
       Dire flail        |       |       |    45 ||    45
       Staff             |       |       |     1 ||     1
Throw: Javelin           |       |       |     2 ||     2
 Cast: Freeze            |    33 |    20 |    33 ||    86
       Ozocubu's Armour  |     2 |    11 |    14 ||    27
       Hailstorm         |       |       |     3 ||     3
 Abil: Breathe Steam     |       |       |     2 ||     2
Evoke: Wand              |       |     5 |    13 ||    18
  Use: Scroll            |     7 |     2 |     9 ||    18
       Potion            |     1 |     3 |     6 ||    10
 Stab: Sleeping          |     1 |     4 |     2 ||     7
       Distracted        |       |     1 |       ||     1
Armor: Skin              |    59 |    78 |   104 ||   241
Dodge: Dodged            |   108 |   142 |   165 ||   415
Block: Other             |       |    61 |    56 ||   117
       Reflection        |       |     1 |       ||     1

Table legend: (Time is in decaauts)
 A = Elapsed time spent in this place.
 B = Non-inter-level travel time spent in this place.
 C = Inter-level travel time spent in this place.
 D = Time resting spent in this place.
 E = Time spent auto-exploring this place.
 F = Levels seen in this place.
 G = Mean time per level.
                   A        B        C        D        E       F      G
               +--------+--------+--------+--------+--------+-----+--------+
         Total |  10115 |   9718 |    397 |   3553 |   4289 |   8 | 1264.4 |
       Dungeon |  10000 |   9639 |    361 |   3553 |   4246 |   7 | 1428.6 |
        Temple |    115 |     79 |     36 |      0 |     43 |   1 |  115.0 |
               +--------+--------+--------+--------+--------+-----+--------+

Top non-repeatable levels by time:
     D:3: 2342 daAuts
     D:6: 1639 daAuts
     D:4: 1598 daAuts
     D:1: 1548 daAuts
     D:2: 1387 daAuts
     D:5: 983 daAuts
     D:7: 500 daAuts
  Temple: 115 daAuts
